 Dungeon Crawl Stone Soup version 0.17.0-9-g801d43b (console) character file.

116 Garrluk the Slasher (level 5, -18/41 HPs)
             Began as a Formicid Fighter on Nov 10, 2015.
             Demolished by an ogre
             ... wielding a +0 giant club
              (26 damage)
             ... on level 4 of the Dungeon.
             The game lasted 00:04:57 (2052 turns).

Garrluk the Slasher (Formicid Fighter)              Turns: 2052, Time: 00:04:57

Health: -18/41     AC:  9    Str: 20    XL:     5   Next: 20%
Magic:  5/5        EV:  7    Int:  8    God:
Gold:   268        SH:  9    Dex:  8    Spells: 0 memorised, 4 levels left

rFire  . . .     SeeInvis +     a - +0 long sword
rCold  . . .     Clarity  .     b - +0 scale mail
rNeg   . . .     SustAt   .     c - +0 shield
rPois  .         Gourm    .     (helmet unavailable)
rElec  .         Spirit   .     n - +0 cloak
rCorr  .         Warding  .     x - +0 pair of gloves
rMut   .         Stasis   +     (no boots)
MR     .....                    (no amulet)
Stlth  +.........               q - -3 ring of dexterity (curse)
                                p - ring of stealth

@: not resistant to hostile enchantments, very unstealthy
A: permanent stasis, dig shafts and tunnels, four strong arms, antennae 3
a: Dig, Shaft Self


You were on level 4 of the Dungeon.
You were not hungry.

You visited 1 branch of the dungeon, and saw 4 of its levels.

You collected 268 gold pieces.

Notes
Turn   | Place    | Note
--------------------------------------------------------------
     0 | D:1      | Garrluk the Formicid Fighter began the quest for the Orb.
     0 | D:1      | Reached XP level 1. HP: 18/18 MP: 1/1
   117 | D:1      | Reached XP level 2. HP: 24/24 MP: 2/2
   522 | D:1      | Reached XP level 3. HP: 26/29 MP: 3/3
   718 | D:2      | Found a shimmering altar of Xom.
  1064 | D:2      | Found an opulent altar of Gozag.
  1269 | D:2      | Reached skill level 4 in Long Blades
  1269 | D:2      | Reached XP level 4. HP: 35/35 MP: 4/4
  1404 | D:3      | Found a basalt altar of Yredelemnul.
  1854 | D:3      | Found a shimmering altar of Xom.
  1955 | D:4      | Reached XP level 5. HP: 41/41 MP: 5/5
  1968 | D:4      | Reached skill level 5 in Long Blades
  2006 | D:4      | Noticed an ogre
  2044 | D:4      | Noticed an ogre
  2052 | D:4      | Demolished by an ogre

Inventory:

Hand Weapons
 a - a +0 long sword (weapon)
Armour
 b - a +0 scale mail (worn)
 c - a +0 shield (worn)
 n - a +0 cloak (worn)
   (You found it on level 1 of the Dungeon)
 x - a +0 pair of gloves (worn)
   (You found it on level 3 of the Dungeon)
Jewellery
 p - a ring of stealth (left hand)
   (You found it on level 2 of the Dungeon)
 q - a cursed -3 ring of dexterity (right hand)
   (You found it on level 2 of the Dungeon)
 y - a +4 ring of protection {unknown}
   (You found it on level 3 of the Dungeon)
Wands
 s - a wand of random effects (0)
   (You found it on level 2 of the Dungeon)
Scrolls
 f - 2 scrolls of random uselessness {unknown}
 g - 8 scrolls of identify {unknown}
 h - 2 scrolls of teleportation {unknown}
 i - a scroll of enchant armour {unknown}
 j - a scroll of blinking {unknown}
 l - 2 scrolls of recharging {unknown}
 m - a scroll of amnesia {unknown}
 o - 4 scrolls of remove curse {unknown}
 r - a scroll of enchant weapon {unknown}
Potions
 d - 3 potions of might
 t - a potion of degeneration {unknown}
 v - a potion of magic {unknown}
 z - 3 potions of lignification {unknown}
 A - 2 potions of ambrosia {unknown}
Comestibles
 e - a bread ration
 k - 5 fruits
 u - 3 chunks of flesh
 w - a meat ration

Table legend:
 A = Turns spent in this place as a percentage of turns spent in the entire game.
 B = Non-inter-level travel turns spent in this place as a percentage of non-inter-level travel turns spent in the entire game.
 C = Inter-level travel turns spent in this place as a percentage of turns spent in this place.
 D = Turns resting spent in this place as a percentage of non-inter-level travel turns spent in this place.
 E = Turns spent auto-exploring this place as a percentage of non-inter-level travel turns spent in this place.
 F = Non-inter-level travel turns spent in this place divided by the number of levels of this place that you've seen.
                   A       B       C       D       E      F
               +-------+-------+-------+-------+-------+----------------------
         Total | 100.0 | 100.0 |   0.5 |   0.0 |  11.5 | 185.5
       Dungeon | 100.0 | 100.0 |   0.5 |   0.0 |  11.5 | 185.5
               +-------+-------+-------+-------+-------+----------------------


   Skills:
 - Level 3.2 Fighting
 * Level 5.0 Long Blades
 - Level 3.2 Armour
 - Level 3.6 Shields


You had 4 spell levels left.
You didn't know any spells.

Dungeon Overview and Level Annotations

Branches:
Dungeon (4/15)
 Temple: D:4-7

Altars:
Gozag
Xom
Yredelemnul


Innate Abilities, Weirdness & Mutations

You are under a permanent stasis effect.
You can dig through walls and to a lower floor.
Your four strong arms can wield two-handed weapons with a shield.
You have a pair of large antennae on your head (SInv).


Message History

An ogre comes into view. It is wielding a giant club.
The ogre shouts!
There is a stone staircase leading up here.
Evoke which item? (* to show all) (? for menu, Esc to quit)
Okay, then.
A worm comes into view.
You closely miss the ogre. The ogre hits you with a giant club!!
Ouch! That really hurt!
You hit the ogre.
The ogre is lightly wounded.
You block the ogre's attack.
You hit the ogre.
The ogre is moderately wounded.
The ogre hits you with a giant club!
* * * LOW HITPOINT WARNING * * *
You slash the ogre!
The ogre is heavily wounded.
The ogre hits you with a giant club!!
Ouch! That really hurt!
You die...

#...#
...#
...#
.w#
..#
#.#
#.#
#O#
#@#
#<#
### {
######


You could see an ogre and a worm.

Table legend:
 A = Kills in this place as a percentage of kills in entire the game.
 B = Kills by you in this place as a percentage of kills by you in the entire game.
 C = Kills by friends in this place as a percentage of kills by friends in the entire game.
 D = Other kills in this place as a percentage of other kills in the entire game.
 E = Experience gained in this place as a percentage of experience gained in the entire game.
 F = Experience gained in this place divided by the number of levels of this place that you have seen.
                   A       B       C       D       E      F
               +-------+-------+-------+-------+-------+----------------------
         Total | 100.0 | 100.0 |  -nan |  -nan | 100.0 |  41.5
       Dungeon | 100.0 | 100.0 |  -nan |  -nan | 100.0 |  41.5
               +-------+-------+-------+-------+-------+----------------------

Vanquished Creatures
  Monster Symbol All 'K'
  3 kobolds
3 creatures vanquished. All 'S' 4 adders 4 ball pythons
8 creatures vanquished. All 'a' A worker ant (D:4)
1 creature vanquished. All 'b' 5 bats
5 creatures vanquished. All 'g' 2 goblins 7 hobgoblins
9 creatures vanquished. All 'l' A giant gecko (D:1) 4 giant newts
5 creatures vanquished. All 'o' An orc (D:4)
1 creature vanquished. All 'r' 5 quokkas 7 rats
12 creatures vanquished. All 's' 2 giant cockroaches
2 creatures vanquished. All 'w' 4 worms
4 creatures vanquished.
50 creatures vanquished. Monster Nature Natural Monsters A worker ant (D:4) 4 adders 4 worms A giant gecko (D:1) An orc (D:4) 4 ball pythons 5 bats 2 giant cockroaches 2 goblins 7 hobgoblins 5 quokkas 4 giant newts 3 kobolds 7 rats
50 creatures vanquished.
50 creatures vanquished. Ascending Order A worker ant (D:4) An orc (D:4) A giant gecko (D:1) 2 giant cockroaches 2 goblins 3 kobolds 4 adders 4 worms 4 ball pythons 4 giant newts 5 quokkas 5 bats 7 hobgoblins 7 rats
50 creatures vanquished.

Action                   |  1- 3 |  4- 6 || total
-------------------------+-------+-------++-------
Melee: Long sword        |   107 |    85 ||   192
 Abil: Dig               |     1 |     2 ||     3
Evoke: Wand              |       |     7 ||     7
  Eat: Chunk             |     1 |     3 ||     4
